PL
LEXINGTON BC @ BROOKLYN DODGERS
09/23/2019
 
TOP OF THE 1ST
Lexington BC batting - Pitching for Brooklyn Dodgers : LHP Dalton García
Pitching: LHP Dalton García
Batting: RHB Mark Allen 0-0: Ball
1-0: Bunt missed!
1-1: Called Strike
1-2: Strikes out swinging
Batting: RHB Juan Cabrera 0-0: Ball
1-0: Ball
2-0: Ground out 5-3 (Groundball, 5S)
Batting: RHB Júlio Gruzmán 0-0: Called Strike
0-1: Ball
1-1: Called Strike
1-2: Ball
2-2: Ball
3-2: Foul Ball, location: 2F
3-2: Foul Ball, location: 2F
3-2: Strikes out swinging
Top of the 1st over - 0 run(s), 0 hit(s), 0 error(s), 0 left on base; Lexington 0 - Brooklyn 0
BOTTOM OF THE 1ST
Brooklyn Dodgers batting - Pitching for Lexington BC : RHP Lawrence Bignold
Pitching: RHP Lawrence Bignold
Batting: RHB Sean Davis 0-0: TRIPLE (Flyball, 8RXD)
Batting: LHB Rubén López 0-0: Called Strike
0-1: Ground out 6-3 (Groundball, 6M)
Sean Davis scores
Batting: RHB Thom Wilcox 0-0: Foul Ball, location: 2F
0-1: Ground out 6-3 (Groundball, 6)
Batting: LHB Ray Sears 0-0: Called Strike
0-1: Swinging Strike
0-2: Ball
1-2: Fly out, F8 (Flyball, 8LM)
Bottom of the 1st over - 1 run(s), 1 hit(s), 0 error(s), 0 left on base; Lexington 0 - Brooklyn 1
TOP OF THE 2ND
Lexington BC batting - Pitching for Brooklyn Dodgers : LHP Dalton García
Batting: LHB Félix Pérez 0-0: Ball
1-0: Foul Ball, location: 2F
1-1: Called Strike
1-2: Fly out, F8 (Line Drive, 8RM)
Batting: LHB Brad Elmore 0-0: Ball
1-0: Fly out, F7 (Flyball, 78S)
Batting: RHB Andre Dixon 0-0: Called Strike
0-1: Ball
1-1: Ball
2-1: Swinging Strike
2-2: Strikes out swinging
Top of the 2nd over - 0 run(s), 0 hit(s), 0 error(s), 0 left on base; Lexington 0 - Brooklyn 1
BOTTOM OF THE 2ND
Brooklyn Dodgers batting - Pitching for Lexington BC : RHP Lawrence Bignold
Batting: LHB Pancho García 0-0: Foul Ball, location: 2F
0-1: Swinging Strike
0-2: Ground out 4-3 (Groundball, 4)
Batting: LHB Chris Gregory 0-0: Ball
1-0: Called Strike
1-1: Ball
2-1: Called Strike
2-2: Ball
3-2: Base on Balls
Batting: RHB Luis Rivas 0-0: Fly out, F1 (Line Drive, 13S)
Batting: RHB Pedro Cruz 0-0: Called Strike
0-1: Ball
1-1: Ball
2-1: SINGLE (Line Drive, 4MD)
Chris Gregory to second
Batting: RHB Dalton García 0-0: Foul Ball, location: 2F
0-1: Fly out, F9 (Flyball, 89M)
Bottom of the 2nd over - 0 run(s), 1 hit(s), 0 error(s), 2 left on base; Lexington 0 - Brooklyn 1
TOP OF THE 3RD
Lexington BC batting - Pitching for Brooklyn Dodgers : LHP Dalton García
Batting: RHB Jack Hatcher 0-0: Ground out 5-3 (Groundball, 5)
Batting: RHB Ramiro Ibarra 0-0: Ball
1-0: Ball
2-0: Swinging Strike
2-1: Called Strike
2-2: Ball
3-2: Base on Balls
Batting: RHB Lawrence Bignold 0-0: Sac Bunt - play at first, batter OUT! 1-4
Ramiro Ibarra to second
Batting: RHB Mark Allen 0-0: Ball
1-0: Swinging Strike
1-1: Called Strike
1-2: Ball
2-2: Ground out 4-3 (Groundball, 4M)
Top of the 3rd over - 0 run(s), 0 hit(s), 0 error(s), 1 left on base; Lexington 0 - Brooklyn 1
BOTTOM OF THE 3RD
Brooklyn Dodgers batting - Pitching for Lexington BC : RHP Lawrence Bignold
Batting: RHB Sean Davis 0-0: Swinging Strike
0-1: Foul Ball, location: 2F
0-2: Ground out 4-3 (Groundball, 4)
Batting: LHB Rubén López 0-0: Called Strike
0-1: Fly out, F7 (Popup, 7M)
Batting: RHB Thom Wilcox 0-0: Ball
1-0: Called Strike
1-1: Swinging Strike
1-2: Ball
2-2: Ground out 5-3 (Groundball, 56)
Bottom of the 3rd over - 0 run(s), 0 hit(s), 0 error(s), 0 left on base; Lexington 0 - Brooklyn 1
TOP OF THE 4TH
Lexington BC batting - Pitching for Brooklyn Dodgers : LHP Dalton García
Batting: RHB Juan Cabrera 0-0: Called Strike
0-1: Fly out, F7 (Line Drive, 7M)
Batting: RHB Júlio Gruzmán 0-0: Foul Ball, location: 2F
0-1: Called Strike
0-2: Ball
1-2: Strikes out swinging
Batting: LHB Félix Pérez 0-0: Swinging Strike
0-1: Ball
1-1: Foul Ball, location: 2F
1-2: Ball
2-2: Fly out, F6 (Popup, 6MD)
Top of the 4th over - 0 run(s), 0 hit(s), 0 error(s), 0 left on base; Lexington 0 - Brooklyn 1
BOTTOM OF THE 4TH
Brooklyn Dodgers batting - Pitching for Lexington BC : RHP Lawrence Bignold
Batting: LHB Ray Sears 0-0: Fly out, F7 (Popup, 7S)
Batting: LHB Pancho García 0-0: Ball
1-0: Foul Ball, location: 2F
1-1: Ball
2-1: Swinging Strike
2-2: DOUBLE (Flyball, 8LXD)
Batting: LHB Chris Gregory 0-0: Ball
1-0: Ball
2-0: Ball
3-0: Called Strike
3-1: Base on Balls
Batting: RHB Luis Rivas 0-0: Ball
1-0: Called Strike
1-1: Ball
2-1: Swinging Strike
2-2: Ball
3-2: Strikes out swinging
Batting: RHB Pedro Cruz 0-0: Foul Ball, location: 2F
0-1: Called Strike
0-2: Foul Ball, location: 2F
0-2: Ball
1-2: Foul Ball, location: 2F
1-2: Foul Ball, location: 2F
1-2: Foul Ball, location: 2F
1-2: Fly out, F7 (Flyball, 78S)
Bottom of the 4th over - 0 run(s), 1 hit(s), 0 error(s), 2 left on base; Lexington 0 - Brooklyn 1
TOP OF THE 5TH
Lexington BC batting - Pitching for Brooklyn Dodgers : LHP Dalton García
Batting: LHB Brad Elmore 0-0: Ball
1-0: Fly out, F6 (Popup, 6MD)
Batting: RHB Andre Dixon 0-0: Ground out 5-3 (Groundball, 56)
Batting: RHB Jack Hatcher 0-0: Called Strike
0-1: Fly out, F5 (Line Drive, 5)
Top of the 5th over - 0 run(s), 0 hit(s), 0 error(s), 0 left on base; Lexington 0 - Brooklyn 1
BOTTOM OF THE 5TH
Brooklyn Dodgers batting - Pitching for Lexington BC : RHP Lawrence Bignold
Batting: RHB Dalton García 0-0: Called Strike
0-1: Called Strike
0-2: Foul Ball, location: 2F
0-2: Ball
1-2: Strikes out swinging
Batting: RHB Sean Davis 0-0: Ball
1-0: Ball
2-0: Fly out, F4 (Popup, 34D)
Batting: LHB Rubén López 0-0: Ball
1-0: Swinging Strike
1-1: Foul Ball, location: 2F
1-2: Ground out 4-3 (Groundball, 4)
Bottom of the 5th over - 0 run(s), 0 hit(s), 0 error(s), 0 left on base; Lexington 0 - Brooklyn 1
TOP OF THE 6TH
Lexington BC batting - Pitching for Brooklyn Dodgers : LHP Dalton García
Batting: RHB Ramiro Ibarra 0-0: Called Strike
0-1: Ball
1-1: Ball
2-1: Swinging Strike
2-2: Ball
3-2: Strikes out looking
Batting: RHB Lawrence Bignold 0-0: Foul Ball, location: 2F
0-1: Swinging Strike
0-2: Strikes out swinging
Batting: RHB Mark Allen 0-0: Ball
1-0: Ball
2-0: Ball
3-0: Base on Balls
Batting: RHB Juan Cabrera 0-0: Ball
1-0: Called Strike
1-1: Ball
2-1: Foul Ball, location: 2F
2-2: Ball
3-2: SINGLE (Line Drive, 8LS)
Mark Allen to second
Mark Allen to third
Batting: RHB Júlio Gruzmán 0-0: Called Strike
0-1: SINGLE (Flyball, 78S)
Mark Allen scores
Juan Cabrera to second
Runner from 2nd tries for 3rd, SAFE, throw made to third
Batting: LHB Félix Pérez 0-0: Swinging Strike
0-1: Ball
1-1: Fly out, F4 (Line Drive, 4)
Top of the 6th over - 1 run(s), 2 hit(s), 0 error(s), 2 left on base; Lexington 1 - Brooklyn 1
BOTTOM OF THE 6TH
Brooklyn Dodgers batting - Pitching for Lexington BC : RHP Lawrence Bignold
Batting: RHB Thom Wilcox 0-0: Swinging Strike
0-1: Ball
1-1: Ball
2-1: Foul Ball, location: 2F
2-2: Foul Ball, location: 2F
2-2: Ball
3-2: Base on Balls
Batting: LHB Ray Sears 0-0: Grounds into double play, 3-6-3 (Groundball, 3)
Batting: LHB Pancho García 0-0: Ball
1-0: Ball
2-0: Fly out, F8 (Flyball, 8RM)
Bottom of the 6th over - 0 run(s), 0 hit(s), 0 error(s), 0 left on base; Lexington 1 - Brooklyn 1
TOP OF THE 7TH
Lexington BC batting - Pitching for Brooklyn Dodgers : LHP Dalton García
Batting: LHB Brad Elmore 0-0: Ball
1-0: Ball
2-0: Ball
3-0: Base on Balls
Pinch Hitting: RHB Yoshiyuki Sasaki 0-0: Called Strike
0-1: Foul Ball, location: 2F
0-2: Ball
1-2: Foul Ball, location: 2F
1-2: Ball
2-2: SINGLE (Groundball, 56D)
Brad Elmore to second
Batting: RHB Jack Hatcher 0-0: Ball
1-0: Ball
2-0: Foul Ball, location: 2F
2-1: Foul Ball, location: 2F
2-2: Ball
3-2: Grounds into double play, 6-4-3 (Groundball, 6M)
Brad Elmore to third
Batting: RHB Ramiro Ibarra 0-0: Called Strike
0-1: Foul Ball, location: 2F
0-2: Strikes out swinging
Top of the 7th over - 0 run(s), 1 hit(s), 0 error(s), 1 left on base; Lexington 1 - Brooklyn 1
BOTTOM OF THE 7TH
Brooklyn Dodgers batting - Pitching for Lexington BC : RHP Lawrence Bignold
Now at SS: Reece White
Batting: LHB Chris Gregory 0-0: Ball
1-0: Ball
2-0: Ball
3-0: SOLO HOME RUN (Flyball, 9LD), Distance : 352 ft
Batting: RHB Luis Rivas 0-0: Ball
1-0: Called Strike
1-1: SINGLE (Line Drive, 6M)
Batting: RHB Pedro Cruz 0-0: Ball
Luis Rivas is caught stealing 2nd base
1-0: Foul Ball, location: 2F
1-1: Called Strike
1-2: Ground out 5-3 (Groundball, 5L)
Batting: RHB Dalton García 0-0: Ball
1-0: Called Strike
1-1: Swinging Strike
1-2: Strikes out swinging
Bottom of the 7th over - 1 run(s), 2 hit(s), 0 error(s), 0 left on base; Lexington 1 - Brooklyn 2
TOP OF THE 8TH
Lexington BC batting - Pitching for Brooklyn Dodgers : LHP Dalton García
Now at 1B: Brad Perry
Now in RF: Roberto Rodríguez
Pinch Hitting: LHB Mike Gardner 0-0: Called Strike
0-1: Called Strike
0-2: Ground out 4-3 (Groundball, 4)
Batting: RHB Mark Allen 0-0: Ball
1-0: Ground out 6-3 (Groundball, 6)
Batting: RHB Juan Cabrera 0-0: Ground out 5-3 (Groundball, 56)
Top of the 8th over - 0 run(s), 0 hit(s), 0 error(s), 0 left on base; Lexington 1 - Brooklyn 2
BOTTOM OF THE 8TH
Brooklyn Dodgers batting - Pitching for Lexington BC : RHP Lawrence Bignold
Pitching: RHP Esteban Moreno
Batting: RHB Sean Davis 0-0: Ball
1-0: Ball
2-0: Called Strike
2-1: Ball
3-1: Base on Balls
Batting: RHB Brad Perry 0-0: Ball
1-0: Called Strike
1-1: Ball
2-1: Ball
3-1: Called Strike
3-2: Foul Ball, location: 2F
3-2: Base on Balls
Sean Davis to second
Batting: RHB Thom Wilcox 0-0: Foul Ball, location: 2F
0-1: Foul Ball, location: 2F
0-2: Ball
1-2: Ball
2-2: Grounds into double play, 5-4-3 (Groundball, 56)
Sean Davis to third
Batting: LHB Ray Sears 0-0: Called Strike
0-1: Ball
1-1: Ball
2-1: Ball
3-1: Foul Ball, location: 2F
3-2: Foul Ball, location: 2F
3-2: Base on Balls
Batting: LHB Roberto Rodríguez 0-0: Ball
1-0: Ball
2-0: Called Strike
2-1: Ball
3-1: Base on Balls
Ray Sears to second
Pitching: LHP Greg Jordan
Batting: LHB Chris Gregory 0-0: Ball
1-0: Called Strike
1-1: Ball
2-1: Foul Ball, location: 2F
2-2: SINGLE (Popup, 8LS)
Sean Davis scores
Ray Sears to third
Roberto Rodríguez to second
Runner from 3rd tries for Home, SAFE, no throw or cutoff
Batting: RHB Luis Rivas 0-0: Called Strike
0-1: Swinging Strike
0-2: Ground out 5-3 (Groundball, 15S)
Bottom of the 8th over - 2 run(s), 1 hit(s), 0 error(s), 2 left on base; Lexington 1 - Brooklyn 4
TOP OF THE 9TH
Lexington BC batting - Pitching for Brooklyn Dodgers : LHP Dalton García
Batting: RHB Júlio Gruzmán 0-0: SINGLE (Groundball, 6MD)
Pitching: RHP José Ramos
Now in CF: Jim Coffey
Batting: LHB Félix Pérez 0-0: Swinging Strike
0-1: Foul Ball, location: 2F
0-2: SINGLE (Line Drive, 6M)
Júlio Gruzmán to second
Batting: LHB Brad Elmore 0-0: Ball
1-0: Ball
2-0: Grounds into double play, 5-4-3 (Groundball, 5)
Júlio Gruzmán to third
Batting: RHB Reece White 0-0: Called Strike
0-1: Fly out, F7 (Flyball, 7S)
Top of the 9th over - 0 run(s), 2 hit(s), 0 error(s), 1 left on base; Lexington 1 - Brooklyn 4
This league is powered by Out of the Park Baseball, the baseball management simulation game for PC, Mac and Linux
Saturday, July 25th, 2015 - OOTP Baseball 15.6 Build 34